TOP OF THE 1ST |
University of Conneticut Huskies batting - Pitching for University of Alabama Crimson Tide : LHP Bei Tsung
|
Pitching: LHP Bei Tsung
|
|
Batting: RHB Jai De san miguel
|
0-0: Called Strike 0-1: Ground out 6-3 (Groundball, 6, EV 97.5 MPH)
|
Batting: RHB Phil Hilton
|
0-0: Foul Ball, location: 2F 0-1: Ball 1-1: Swinging Strike 1-2: Ball 2-2: Foul Ball, location: 2F 2-2: Foul Ball, location: 2F 2-2: Ball 3-2: Base on Balls
|
Batting: RHB Roku Kawano
|
0-0: Ball Phil Hilton is caught stealing 2nd base 2-4 1-0: Foul Ball, location: 2F 1-1: Ball 2-1: Called Strike 2-2: Ground out 5-3 (Groundball, 56S, EV 87.5 MPH)
|
Top of the 1st over - 0 runs, 0 hits, 0 errors, 0 left on base; University of Conneticut 0 - University of Alabama 0 |
BOTTOM OF THE 1ST |
University of Alabama Crimson Tide batting - Pitching for University of Conneticut Huskies : RHP Nick Rice
|
Pitching: RHP Nick Rice
|
|
Batting: RHB Danny Rosario
|
0-0: Fly out, F9 (Line Drive, 9D, EV 92.5 MPH)
|
Batting: RHB B.J. Clark
|
0-0: Called Strike 0-1: Fly out, F8 (Flyball, 8RD, EV 80.6 MPH)
|
Batting: LHB Doyle James
|
0-0: Foul Ball, location: 2F 0-1: Ball 1-1: Ball 2-1: SINGLE (Line Drive, 6D, EV 101.9 MPH)
|
Batting: RHB Justin Gray
|
0-0: Foul Ball, location: 2F 0-1: Ball 1-1: Ball 2-1: Foul Ball, location: 2F 2-2: Ball 3-2: Foul Ball, location: 2F 3-2: Strikes out swinging
|
Bottom of the 1st over - 0 runs, 1 hit, 0 errors, 1 left on base; University of Conneticut 0 - University of Alabama 0 |
TOP OF THE 2ND |
University of Conneticut Huskies batting - Pitching for University of Alabama Crimson Tide : LHP Bei Tsung
|
Batting: LHB Greg James
|
0-0: Called Strike 0-1: Ground out 6-3 (Groundball, 6, EV 84.4 MPH)
|
Batting: RHB Victor Ramos
|
0-0: Ball 1-0: Called Strike 1-1: Fly out, F8 (Flyball, 8LXD, EV 85.0 MPH)
|
Batting: LHB Jonathan Sica
|
0-0: Called Strike 0-1: Ball 1-1: Swinging Strike 1-2: Foul Ball, location: 2F 1-2: Ball 2-2: Ball 3-2: Strikes out looking
|
Top of the 2nd over - 0 runs, 0 hits, 0 errors, 0 left on base; University of Conneticut 0 - University of Alabama 0 |
BOTTOM OF THE 2ND |
University of Alabama Crimson Tide batting - Pitching for University of Conneticut Huskies : RHP Nick Rice
|
Batting: RHB David Sanchez
|
0-0: Reached on error, E3 (Groundball, 34, EV 85.6 MPH)
|
Batting: RHB Al Lara
|
0-0: Called Strike 0-1: Ball 1-1: Ball 2-1: Swinging Strike 2-2: Ball 3-2: Strikes out looking
|
Batting: RHB Gualtiero Fagnini
|
0-0: Ball 1-0: Foul Ball, location: 2F 1-1: Ball 2-1: DOUBLE (Line Drive, 9LM, EV 114.4 MPH) David Sanchez scores
|
Batting: RHB Hughie Withers
|
0-0: Ball 1-0: Fly out, F8 (Flyball, 78M, EV 91.9 MPH)
|
Batting: RHB Jong-your Lee
|
0-0: Ball 1-0: Ball 2-0: Called Strike 2-1: Fly out, F9 (Flyball, 89D, EV 103.1 MPH)
|
Bottom of the 2nd over - 1 run, 1 hit, 1 error, 1 left on base; University of Conneticut 0 - University of Alabama 1 |
TOP OF THE 3RD |
University of Conneticut Huskies batting - Pitching for University of Alabama Crimson Tide : LHP Bei Tsung
|
Batting: RHB Charlie Slayback
|
0-0: Ball 1-0: Ball 2-0: Ground out 6-3 (Groundball, 6, EV 88.8 MPH)
|
Batting: LHB Omar Alba
|
0-0: Ball 1-0: Ball 2-0: SINGLE (Groundball, 25, EV 69.4 MPH) (infield hit)
|
Batting: LHB Chris Grayson
|
0-0: Ball 1-0: Ball 2-0: Called Strike 2-1: Foul Ball, location: 2F 2-2: Fielders Choice at 2nd, 6-4 (Groundball, 6, EV 93.8 MPH)
|
Batting: RHB Jai De san miguel
|
0-0: Foul Ball, location: 2F 0-1: Called Strike 0-2: Ball 1-2: Ball 2-2: Strikes out swinging
|
Top of the 3rd over - 0 runs, 1 hit, 0 errors, 1 left on base; University of Conneticut 0 - University of Alabama 1 |
BOTTOM OF THE 3RD |
University of Alabama Crimson Tide batting - Pitching for University of Conneticut Huskies : RHP Nick Rice
|
Batting: RHB Danny Rosario
|
0-0: Called Strike 0-1: Foul Ball, location: 2F 0-2: Ball 1-2: Strikes out swinging
|
Batting: RHB B.J. Clark
|
0-0: Called Strike 0-1: Ball 1-1: Ball 2-1: Swinging Strike 2-2: Strikes out swinging
|
Batting: LHB Doyle James
|
0-0: Ball 1-0: Called Strike 1-1: Swinging Strike 1-2: Ground out U3 (Groundball, 34, EV 99.4 MPH)
|
Bottom of the 3rd over - 0 runs, 0 hits, 0 errors, 0 left on base; University of Conneticut 0 - University of Alabama 1 |
TOP OF THE 4TH |
University of Conneticut Huskies batting - Pitching for University of Alabama Crimson Tide : LHP Bei Tsung
|
Batting: RHB Phil Hilton
|
0-0: Ball 1-0: Ground out 5-3 (Groundball, 56S, EV 84.4 MPH)
|
Batting: RHB Roku Kawano
|
0-0: Foul Ball, location: 2F 0-1: Ball 1-1: Foul Ball, location: 2F 1-2: Fly out, F7 (Flyball, 7S, EV 88.1 MPH)
|
Batting: LHB Greg James
|
0-0: Ball 1-0: Ball 2-0: Ball 3-0: Base on Balls
|
Batting: RHB Victor Ramos
|
0-0: Called Strike 0-1: Ball 1-1: Ball 2-1: Foul Ball, location: 2F 2-2: Strikes out swinging
|
Top of the 4th over - 0 runs, 0 hits, 0 errors, 1 left on base; University of Conneticut 0 - University of Alabama 1 |
BOTTOM OF THE 4TH |
University of Alabama Crimson Tide batting - Pitching for University of Conneticut Huskies : RHP Nick Rice
|
Batting: RHB Justin Gray
|
0-0: Ball 1-0: Foul Ball, location: 2F 1-1: Called Strike 1-2: Foul Ball, location: 2F 1-2: Ball 2-2: Foul Ball, location: 2F 2-2: SINGLE (Groundball, 6MD, EV 98.1 MPH)
|
Batting: RHB David Sanchez
|
0-0: Swinging Strike 0-1: Ball 1-1: Called Strike 1-2: Strikes out swinging
|
Batting: RHB Al Lara
|
0-0: Ball 1-0: Foul Ball, location: 2F 1-1: Called Strike 1-2: Ball 2-2: Fly out, F8 (Flyball, 89D, EV 78.1 MPH)
|
Batting: RHB Gualtiero Fagnini
|
0-0: Called Strike 0-1: Ball 1-1: Swinging Strike 1-2: Ball 2-2: Foul Ball, location: 2F 2-2: Strikes out swinging
|
Bottom of the 4th over - 0 runs, 1 hit, 0 errors, 1 left on base; University of Conneticut 0 - University of Alabama 1 |
TOP OF THE 5TH |
University of Conneticut Huskies batting - Pitching for University of Alabama Crimson Tide : LHP Bei Tsung
|
Pitching: RHP Peppino Mori
|
|
Now at C: Larry Brown
|
|
Now in RF: John Hicken
|
|
Batting: LHB Jonathan Sica
|
0-0: Foul Ball, location: 2F 0-1: Foul Ball, location: 2F 0-2: Ball 1-2: Ball 2-2: Fly out, F6 (Flyball, 6MD, EV 91.2 MPH)
|
Batting: RHB Charlie Slayback
|
0-0: Ball 1-0: Ball 2-0: Ball 3-0: Called Strike 3-1: Base on Balls
|
Batting: LHB Omar Alba
|
0-0: Ball 1-0: Ball Charlie Slayback is caught stealing 2nd base 2-6 2-0: Fly out, F6 (Flyball, 56D, EV 85.0 MPH)
|
Top of the 5th over - 0 runs, 0 hits, 0 errors, 0 left on base; University of Conneticut 0 - University of Alabama 1 |
BOTTOM OF THE 5TH |
University of Alabama Crimson Tide batting - Pitching for University of Conneticut Huskies : RHP Nick Rice
|
Pitching: RHP Andy Barnitz
|
|
Now at C: Ju-yi Huang
|
|
Now at 1B: Lee Wilbur
|
|
Batting: RHB Hughie Withers
|
0-0: Ball 1-0: Called Strike 1-1: SINGLE (Groundball, 4S, EV 63.8 MPH) (infield hit)
|
Batting: RHB Jong-your Lee
|
0-0: Ball 1-0: Ball 2-0: Fielders Choice at 2nd, 5-4 (Groundball, 56, EV 106.9 MPH)
|
Pinch Hitting: SHB Mike Bidwell
|
0-0: Called Strike Jong-your Lee steals 2nd base 0-1: Foul Ball, location: 2F 0-2: Strikes out swinging
|
Pinch Hitting: LHB Joe Blackwood
|
0-0: Called Strike 0-1: Swinging Strike 0-2: Fly out, F8 (Flyball, 8LM, EV 85.6 MPH)
|
Bottom of the 5th over - 0 runs, 1 hit, 0 errors, 1 left on base; University of Conneticut 0 - University of Alabama 1 |
TOP OF THE 6TH |
University of Conneticut Huskies batting - Pitching for University of Alabama Crimson Tide : RHP Peppino Mori
|
Pitching: RHP Andrew Maldonado
|
|
Now at 2B: Hughie Withers
|
|
Now at 3B: Fernando Reyes
|
|
Now at SS: Rodrik Gardner
|
|
Now in CF: Joe Blackwood
|
|
Batting: LHB Chris Grayson
|
0-0: Called Strike 0-1: Swinging Strike 0-2: Ball 1-2: Ball 2-2: Ball 3-2: Reached on error, E5 (Groundball, 56, EV 86.9 MPH)
|
Batting: RHB Jai De san miguel
|
0-0: Ball 1-0: Called Strike 1-1: Foul Ball, location: 2F 1-2: Strikes out swinging
|
Pinch Hitting: LHB Bertil Ivens
|
0-0: Ball 1-0: Called Strike 1-1: Swinging Strike 1-2: Strikes out looking
|
Batting: RHB Lee Wilbur
|
0-0: Ball 1-0: Foul Ball, location: 2F 1-1: Ball 2-1: Foul Ball, location: 2F 2-2: Strikes out swinging
|
Top of the 6th over - 0 runs, 0 hits, 1 error, 1 left on base; University of Conneticut 0 - University of Alabama 1 |
BOTTOM OF THE 6TH |
University of Alabama Crimson Tide batting - Pitching for University of Conneticut Huskies : RHP Andy Barnitz
|
Pitching: RHP Hector Guerra
|
|
Now in LF: Bertil Ivens
|
|
Pinch Hitting: RHB Onorato Zacagnini
|
0-0: Called Strike 0-1: Ball 1-1: Foul Ball, location: 2F 1-2: SINGLE (Groundball, 6MD, EV 98.1 MPH)
|
Batting: LHB Alan Sullivan
|
0-0: Called Strike 0-1: Ball 1-1: Ground out 6-3 (Groundball, P, EV 87.5 MPH) Onorato Zacagnini to second
|
Batting: RHB John Hicken
|
0-0: Ball 1-0: Ground out 6-3 (Groundball, 6, EV 99.4 MPH)
|
Batting: RHB Larry Brown
|
0-0: Ball 1-0: Ball 2-0: Called Strike 2-1: Swinging Strike 2-2: Foul Ball, location: 2F 2-2: Foul Ball, location: 2F 2-2: Strikes out swinging
|
Bottom of the 6th over - 0 runs, 1 hit, 0 errors, 1 left on base; University of Conneticut 0 - University of Alabama 1 |
TOP OF THE 7TH |
University of Conneticut Huskies batting - Pitching for University of Alabama Crimson Tide : RHP Andrew Maldonado
|
Pitching: LHP Ralph Sandhoff
|
|
Now at 1B: Onorato Zacagnini
|
|
Now in LF: Matt Barkley
|
|
Pinch Hitting: LHB Matt Reed
|
0-0: Foul Ball, location: 2F 0-1: Ball 1-1: SINGLE (Line Drive, 7S, EV 106.2 MPH)
|
Pitching: RHP Victor Carillo
|
|
Pinch Hitting: RHB Jordan Nicholas
|
0-0: Ball 1-0: Called Strike 1-1: DOUBLE (Groundball, 5L, EV 102.5 MPH) Matt Reed to third
|
Batting: RHB Ju-yi Huang
|
0-0: Ball 1-0: Ball 2-0: Called Strike 2-1: Ball 3-1: Called Strike 3-2: Strikes out swinging
|
Batting: RHB Dave Cobos
|
0-0: Foul Ball, location: 2F 0-1: Fly out, F9 (Flyball, 9, EV 91.2 MPH) Runner from 3rd tags up, SCORES, throw by RF
|
Batting: LHB Omar Alba
|
0-0: Ball 1-0: Called Strike 1-1: Ground out 5-3 (Groundball, 5L, EV 99.4 MPH)
|
Top of the 7th over - 1 run, 2 hits, 0 errors, 1 left on base; University of Conneticut 1 - University of Alabama 1 |
BOTTOM OF THE 7TH |
University of Alabama Crimson Tide batting - Pitching for University of Conneticut Huskies : RHP Hector Guerra
|
Now at 3B: Jordan Nicholas
|
|
Now in RF: Noel Mcnatty
|
|
Batting: LHB Matt Barkley
|
0-0: Swinging Strike 0-1: Foul Ball, location: 2F 0-2: Ball 1-2: Foul Ball, location: 2F 1-2: Ball 2-2: Ball 3-2: SINGLE (Groundball, 4M, EV 101.9 MPH) (infield hit)
|
Batting: RHB Hughie Withers
|
0-0: Ball 1-0: Bunt missed! 1-1: Bunt missed! 1-2: Foul Ball, location: 2F 1-2: Foul Ball, location: 2F 1-2: Ball 2-2: SINGLE (Groundball, 56D, EV 106.9 MPH) Matt Barkley to second
|
Batting: RHB Fernando Reyes
|
0-0: Bunted foul 0-1: Bunt missed! 0-2: Fly out, F8 (Flyball, 89D, EV 102.5 MPH) Runner from 2nd tags up, SAFE at 3rd, no throw by CF
|
Pitching: RHP Huo-tu Huo
|
|
Batting: RHB Rodrik Gardner
|
0-0: Foul Ball, location: 2F 0-1: Squeeze Bunt to 2R - play home, runner scores, batter safe! Matt Barkley scores Hughie Withers to second
|
Batting: LHB Joe Blackwood
|
0-0: Ball 1-0: Called Strike 1-1: Reached on error, E2 (Groundball, 2R, EV 75.6 MPH) Hughie Withers scores Rodrik Gardner to third
|
Batting: RHB Onorato Zacagnini
|
0-0: Called Strike 0-1: Swinging Strike 0-2: Ground out U3 (Groundball, 3L, EV 84.4 MPH)
|
Batting: LHB Alan Sullivan
|
0-0: Swinging Strike 0-1: Fly out, F7 (Line Drive, 7, EV 94.4 MPH)
|
Bottom of the 7th over - 2 runs, 2 hits, 1 error, 2 left on base; University of Conneticut 1 - University of Alabama 3 |
TOP OF THE 8TH |
University of Conneticut Huskies batting - Pitching for University of Alabama Crimson Tide : RHP Victor Carillo
|
Batting: LHB Chris Grayson
|
0-0: Ground out 4-3 (Groundball, 4, EV 100.6 MPH)
|
Batting: RHB Jai De san miguel
|
0-0: SOLO HOME RUN (Flyball, 78XD, EV 115.0 MPH), Distance : 442 ft
|
Batting: LHB Bertil Ivens
|
0-0: Foul Ball, location: 2F 0-1: Ball 1-1: Ball 2-1: Ball 3-1: Foul Ball, location: 2F 3-2: Base on Balls
|
Pinch Hitting: RHB Matthew Lanford
|
0-0: Called Strike 0-1: Foul Ball, location: 2F 0-2: Ball 1-2: Fly out, F7 (Flyball, 78M, EV 90.0 MPH)
|
Batting: LHB Noel Mcnatty
|
0-0: Fly out, F8 (Flyball, 8RM, EV 83.8 MPH)
|
Top of the 8th over - 1 run, 1 hit, 0 errors, 1 left on base; University of Conneticut 2 - University of Alabama 3 |
BOTTOM OF THE 8TH |
University of Alabama Crimson Tide batting - Pitching for University of Conneticut Huskies : RHP Huo-tu Huo
|
Pitching: LHP Jim Weinberg
|
|
Now at 1B: Bill Groves
|
|
Batting: RHB John Hicken
|
0-0: Ball 1-0: Swinging Strike 1-1: Foul Ball, location: 2F 1-2: Foul Ball, location: 2F 1-2: Strikes out swinging
|
Batting: RHB Larry Brown
|
0-0: Ball 1-0: Ball 2-0: Called Strike 2-1: Ball 3-1: Reached on error, E1 (Groundball, 15S, EV 72.5 MPH)
|
Batting: LHB Matt Barkley
|
0-0: Ball 1-0: Ball 2-0: Fly out, F6 (Popup, 15S, EV 83.8 MPH)
|
Batting: RHB Hughie Withers
|
0-0: Ball 1-0: Called Strike 1-1: Fly out, F2 (Popup, 23F, EV 74.4 MPH)
|
Bottom of the 8th over - 0 runs, 0 hits, 1 error, 1 left on base; University of Conneticut 2 - University of Alabama 3 |
TOP OF THE 9TH |
University of Conneticut Huskies batting - Pitching for University of Alabama Crimson Tide : RHP Victor Carillo
|
Pitching: LHP Hirofumi Aoki
|
|
Batting: RHB Jordan Nicholas
|
0-0: Swinging Strike 0-1: Swinging Strike 0-2: Ball 1-2: Ball 2-2: Ground out 4-3 (Groundball, 4M, EV 81.2 MPH)
|
Pinch Hitting: LHB Andres Cruz
|
0-0: Swinging Strike 0-1: Called Strike 0-2: Ball 1-2: Strikes out swinging
|
Batting: RHB Dave Cobos
|
0-0: Ball 1-0: Swinging Strike 1-1: Called Strike 1-2: SINGLE (Groundball, 3D, EV 104.4 MPH)
|
Batting: LHB Omar Alba
|
0-0: Ball 1-0: Ground out U3 (Groundball, 3, EV 79.4 MPH)
|
Top of the 9th over - 0 runs, 1 hit, 0 errors, 1 left on base; University of Conneticut 2 - University of Alabama 3 |
|